 Dungeon Crawl Stone Soup version 0.21-a0-52-gbf49515 (webtiles) character file.

78 KristoblXynda the Conjurer (level 4, -11/24 HPs)
             Began as a Deep Elf Conjurer on June 13, 2017.
             Mangled by Sigmund
             ... wielding a +0 scythe
              (13 damage)
             ... on level 2 of the Dungeon.
             The game lasted 00:04:03 (1198 turns).

KristoblXynda the Conjurer (Deep Elf Conjurer)      Turns: 1198, Time: 00:04:04

Health: -11/24     AC:  2    Str:  5    XL:     4   Next: 15%
Magic:  10/12      EV: 13    Int: 21    God:
Gold:   53         SH:  0    Dex: 15    Spells: 7/11 levels left

rFire    + . .     SeeInvis .   j - +4 short sword
rCold    + . .     Gourm    .   (no shield)
rNeg     . . .     Faith    .   a - +0 robe
rPois    .         Spirit   .   (no helmet)
rElec    .         Reflect  .   n - scarf {rC+ rF+}
rCorr    .         Harm     .   (no gloves)
MR       .....                  (no boots)
Stlth    +.........             (no amulet)
Regen    0.1/turn               (no ring)
MPRegen  0.2/turn               (no ring)

@: confused
A: no striking features
a: no special abilities


You were on level 2 of the Dungeon.
You were not hungry.

You visited 1 branch of the dungeon, and saw 2 of its levels.

You collected 53 gold pieces.

Inventory:

Hand Weapons
 j - a +4 short sword (weapon)
Armour
 a - a +0 robe (worn)
 g - a +0 buckler
 n - a scarf of resistance (worn)
Scrolls
 e - a scroll of random uselessness {unknown}
 f - a scroll of amnesia {unknown}
 i - a scroll of noise {unknown}
Books
 b - a book of Conjurations

   Spells                             Type                      Level
   a - Magic Dart                     Conjuration                  1
   b - Searing Ray                    Conjuration                  2
   c - Dazzling Spray                 Conjuration/Hexes            3
   d - Fulminant Prism                Conjuration/Hexes            4
   e - Force Lance                    Conjuration/Translocation    4
   f - Iskenderun's Mystic Blast      Conjuration                  4
Comestibles
 c - a bread ration
 d - a royal jelly
 h - 4 fruits
 k - 2 chunks of flesh


   Skills:
 - Level 2.4 Dodging
 + Level 4.0 Stealth
 + Level 4.1 Spellcasting
 + Level 5.1 Conjurations


You had 7 spell levels left.
You knew the following spells:

 Your Spells              Type           Power        Failure   Level  Hunger
a - Magic Dart            Conj           ####         1%          1    None
b - Dazzling Spray        Conj/Hex       ###...       12%         3    ###....


Dungeon Overview and Level Annotations

Branches:
Dungeon (2/15)

Altars:

Annotations:
D:2 Sigmund


Message History

Unknown command.
You hit something but do no damage.
You hear some strange, mumbled words.
You are confused.
You aren't carrying any items that you can evoke.
Unknown command.
You aren't carrying any potions.
Unknown command.
You aren't carrying any potions.
Unknown command.
You're too confused!
You bump into the rock wall.
Something hits you.
You hit something but do no damage. Something hits you!
Ouch! That really hurt!
You're too confused to move!
You bump into the rock wall.
Something hits you!
* * * LOW HITPOINT WARNING * * *
You bump into the rock wall.
Something hits you!
Ouch! That really hurt!
You die...

#.#
#...................###
#.#
#............##.......##
#.#
.............##........#
#.# #######.....#......
#.# #######..##.. #.#
#..#... #.# #..#...
###.##################
#..###.
#.............@{......
.... +.
#.##.#################
##### #. ###.##.# #.
#......# ## #.#....#
#.####.# #.# #.#
#.####.# #......#


There were no monsters in sight!

Vanquished Creatures
  Terence (D:2)
  2 adders (D:2)
  2 leopard geckos
  A giant cockroach (D:1)
  4 hobgoblins
  3 bats
  6 frilled lizards
  3 goblins
  8 kobolds
  8 rats
38 creatures vanquished.

Notes
Turn   | Place    | Note
-------+----------+-------------------------------------------
     0 | D:1      | KristoblXynda the Deep Elf Conjurer began the quest for the Orb.
     0 | D:1      | Reached XP level 1. HP: 10/10 MP: 6/6
   319 | D:1      | Reached XP level 2. HP: 15/15 MP: 5/8
   784 | D:2      | Reached XP level 3. HP: 19/19 MP: 2/10
   868 | D:2      | Learned a level 3 spell: Dazzling Spray
  1058 | D:2      | Noticed Terence
  1084 | D:2      | Killed Terence
  1084 | D:2      | Reached skill level 5 in Conjurations
  1084 | D:2      | Reached XP level 4. HP: 19/24 MP: 0/12
  1178 | D:2      | Noticed Sigmund
  1198 | D:2      | Mangled by Sigmund

Vault maps used:
D:1:      lemuel_arrival_room
D:2:      uniq_sigmund, uniq_terence

Skill      XL: |  1  2  3 |
---------------+----------+-----
Stealth        | 3 4 |  4.0
Spellcasting   | 4 |  4.1
Conjurations   | 5 |  5.1
Dodging        | |  2.4

Action                   |  1- 3 |  4- 6 || total
-------------------------+-------+-------++-------
Melee: Short sword       |    12 |     5 ||    17
 Cast: Magic Dart        |    67 |       ||    67
       Dazzling Spray    |     2 |     1 ||     3
  Use: Scroll            |     2 |       ||     2
  Eat: Chunk             |       |     1 ||     1
Armor: Robe              |     1 |       ||     1
Dodge: Dodged            |    14 |     2 ||    16
